 Dungeon Crawl Stone Soup version 0.30-a0-956-gcec3b41aec (webtiles) character file.

Game seed: 5044441051014068221

165 sasquatch the Cutter (level 5, -2/34 HPs)
             Began as an Octopode Brigand on Mar 29, 2023.
             Killed from afar by an orc wizard (8 damage)
             ... with a puff of flame
             ... on level 3 of the Dungeon.
             The game lasted 00:03:26 (2344 turns).

sasquatch the Cutter (Octopode Brigand)             Turns: 2344, Time: 00:03:27

Health: -2/34      AC:  1    Str: 10    XL:     5   Next: 46%
Magic:  5/5        EV: 13    Int: 13    God:
Gold:   133        SH:  0    Dex: 16    Spells: 4/4 levels left

rFire   . . .      SeeInvis .    a - +2 dagger
rCold   . . .      Faith    .    (no shield)
rNeg    . . .      Spirit   .    j - +0 hat
rPois   .          Reflect  .    (no amulet)
rElec   .          Rampage  .    k - ring of resist corrosion
rCorr   +                        (no ring)
Will    .....                    (no ring)
Stlth   ++++                     (no ring)
HPRegen 0.25/turn                (no ring)
MPRegen 0.09/turn                (no ring)
                                 (no ring)
                                 (no ring)

@: no status effects
A: almost no armour, amphibious, 8 rings, camouflage 1, gelatinous body 1,
(nimble swimmer 1), tentacles
a: no special abilities


You were on level 3 of the Dungeon.
You visited 1 branch of the dungeon, and saw 6 of its levels.

You collected 133 gold pieces.

Inventory:

Hand Weapons
 a - a +2 dagger (weapon)
Missiles
 b - 9 poisoned darts (quivered)
 c - 3 curare-tipped darts
Armour
 j - a +0 hat (worn)
Jewellery
 k - a ring of resist corrosion (left tentacle)
Scrolls
 d - a scroll of torment {unknown}
 e - 4 scrolls of identify {unknown}
 g - a scroll of enchant armour {unknown}
 l - a scroll of amnesia {unknown}
 m - a scroll of enchant weapon {unknown}
Potions
 f - a potion of mutation {unknown}
 h - a potion of degeneration {unknown}
 i - a potion of heal wounds {unknown}


   Skills:
 - Level 2.0 Fighting
 + Level 5.5 Short Blades
 - Level 2.0 Throwing
 - Level 1.0 Dodging
 - Level 5.3 Stealth


You had 4 spell levels left.
You didn't know any spells.
Your spell library contained the following spells:

 Spells                   Type           Power      Damage    Failure   Level
 Sting                    Tmut/Pois      0%         1d3       30%         1
 Blink                    Tloc           0%         N/A       43%         2
 Lesser Beckoning         Tloc           0%         N/A       43%         2
 Momentum Strike          Conj/Tloc      0%         3d8       43%         2
 Poisonous Vapours        Pois/Air       0%         N/A       43%         2
 Olgreb's Toxic Radiance  Pois           0%         N/A       97%         4


Dungeon Overview and Level Annotations

Branches:
Dungeon (6/15)
 Temple: D:4-7

Altars:
Dithmenos
Uskayaw

Shops:
D:1 :

Annotations:
D:2 Sigmund


Innate Abilities, Weirdness & Mutations

You cannot wear most types of armour.
You are amphibious.
You can wear up to eight rings at the same time.
Your skin changes colour to match your surroundings (Stealth+).
Your rubbery body absorbs attacks. (AC +1, EV +1)
((You are camouflaged when in or above water. (Stealth+)))
You have tentacles for arms and can constrict up to eight enemies at once.


Message History

You kill the orc!
No target in view!
No target in view!
You now have 133 gold pieces (gained 4).
An orc comes into view. It is wielding a +0 club.
An orc is nearby!
An orc is nearby!
An endoplasm comes into view.
A frilled lizard comes into view.
The frilled lizard hisses angrily.
An orc comes into view. It is wielding a +0 hand axe.
An orc comes into view. It is wielding a +0 falchion.
The orc hits you with a +0 club.
You closely miss the orc.
The orc shouts! x2
You grab the orc. You constrict the orc.
You hear a shout!
The orc struggles to escape constriction.
You hit the orc.
The orc is heavily wounded.
You constrict the orc.
An orc wizard comes into view. It is wielding a +0 dagger.
The orc hits you with a +0 club.
You hit the orc.
You kill the orc!
The orc closely misses you. The orc hits you with a +0 falchion.
Things that are here:
a +0 club; an orc corpse The orc wizard casts a spell.
The orc wizard flickers and vanishes!
Deactivating autopickup; reactivate with Ctrl-A.
Something hits you.
You closely miss something. Something hits you. The orc barely misses you.
You hit something but do no damage. You squeeze something. Something hits you.
The orc hits you with a +0 hand axe.
* * * LOW HITPOINT WARNING * * *
You hear some strange, mumbled words.
A puff of flame appears from out of thin air!
The puff of flame hits you!
You die...

...
#.................#
...
#.########........#
.... #.# #..).....#
## #. #........#
###. #........#
..... #........#
#..### #........#
#....#####......###
#{@..##........ ##
#.##.....######
#...###oo........#
#..l..lJ.......#.#
#.....####.....#.#
##.... #.....# #
#.... #.....# #.###
.###..# #. .# #..#


You could see an orc, an endoplasm and a frilled lizard.

Vanquished Creatures
  An orc priest (D:3)
  An orc wizard (D:3)
  3 adders
  A worm (D:2)
  3 dart slugs
  5 orcs
  6 ball pythons
  8 endoplasms
  2 giant cockroaches (D:1)
  8 goblins
  6 hobgoblins
  6 jackals
  3 kobolds
  3 quokkas
  4 bats
  3 frilled lizards (D:1)
  4 rats
67 creatures vanquished.

Notes
Turn   | Place    | Note
-------+----------+-------------------------------------------
     0 | D:1      | sasquatch the Octopode Brigand began the quest for the Orb.
     0 | D:1      | Reached XP level 1. HP: 14/14 MP: 1/1
   121 | D:1      | Reached XP level 2. HP: 19/19 MP: 2/2
   484 | D:1      | Reached XP level 3. HP: 24/24 MP: 3/3
   538 | D:1      | Found a faded altar of an unknown god.
   717 | D:1      | Found Cigigryc's Book Shoppe.
  1495 | D:2      | Reached XP level 4. HP: 23/29 MP: 4/4
  1538 | D:2      | Noticed Sigmund
  2007 | D:3      | You fall into a shaft and drop 3 floors!
  2014 | D:5      | Entered Level 5 of the Dungeon
  2205 | D:3      | Found a hide-covered altar of Uskayaw.
  2219 | D:3      | Found a shadowy altar of Dithmenos.
  2225 | D:3      | Reached skill level 5 in Short Blades
  2225 | D:3      | Reached XP level 5. HP: 25/34 MP: 5/5
  2344 | D:3      | Killed from afar by an orc wizard

Illustrated notes

Levels and vault maps discovered:
D:1:      amcnicky_arrival_underground_garden, layout_loops_corners,
          serial_shops, shop, hellmonk_ecumenical_altar_pennies_from_heaven,
          minmay_hedge_maze, minmay_box_of_dots
D:2:      layout_basic, nicolae_hexahallways, uniq_sigmund
D:3:      layout_basic, jmf_multi_god_temple,
          gammafunk_temple_overflow_forgotten, minivault_24
D:4:      layout_cave_pods, minmay_temple_entry_sparse_star, uniq_menkaure
D:5:      layout_loops_ring, good_gods_mini_temple, led_sif_pool, slow_altar_1,
          hangedman_decor_growths, uniq_crazy_yiuf_cottage, uniq_prince_ribbit1
D:6:      layout_loops_ring, mainiacjoe_overflow_small_starburst,
          grunt_decor_resistance, minmay_microvault

Skill      XL: |  1  2  3  4 |
---------------+-------------+-----
Short Blades   | 3 4 5 |  5.5
Fighting       | |  2.0
Throwing       | |  2.0
Dodging        | |  1.0
Stealth        | |  5.3

Action                     |  1- 3 |  4- 6 || total
---------------------------+-------+-------++-------
  Melee: Dagger            |    71 |    49 ||   120
         Tentacles         |    10 |    13 ||    23
         Constrict         |    15 |    16 ||    31
         Punch             |       |     1 ||     1
   Stab: Sleeping          |    20 |     6 ||    26
 Armour: Skin              |     2 |       ||     2
  Dodge: Dodged            |    15 |    19 ||    34

Table legend: (Time is in decaauts)
 A = Elapsed time spent in this place.
 B = Non-inter-level travel time spent in this place.
 C = Inter-level travel time spent in this place.
 D = Time resting spent in this place.
 E = Time spent auto-exploring this place.
 F = Levels seen in this place.
 G = Mean time per level.
                   A        B        C        D        E       F      G
               +--------+--------+--------+--------+--------+-----+--------+
         Total |   2318 |   2201 |    117 |      0 |   1756 |   6 |  386.3 |
       Dungeon |   2318 |   2201 |    117 |      0 |   1756 |   6 |  386.3 |
               +--------+--------+--------+--------+--------+-----+--------+

Top non-repeatable levels by time:
     D:1: 1038 daAuts
     D:2: 866 daAuts
     D:3: 356 daAuts
     D:4: 30 daAuts
     D:5: 20 daAuts
     D:6: 6 daAuts
